 Dungeon Crawl Stone Soup version 0.18.1-8-gdd0e5ea (webtiles) character file.

7450 striepan the Severer (level 10, 0/86 HPs)
             Began as a Minotaur Fighter on May 29, 2016.
             Was a High Priest of Okawaru.
             Slain by a skeletal warrior
             ... wielding a +2 long sword of slicing
             ... led by a skeletal warrior
              (12 damage)
             ... on level 10 of the Dungeon.
             The game lasted 00:50:05 (10860 turns).

striepan the Severer (Minotaur Fighter)            Turns: 10860, Time: 00:50:06

Health: 0/86       AC: 16    Str: 25    XL:     10   Next: 93%
Magic:  11/11      EV: 11    Int:  5    God:    Okawaru [*****.]
Gold:   76         SH:  0    Dex: 14    Spells: 0 memorised, 9 levels left

rFire  . . .     SeeInvis .     U - +3 battleaxe (freeze)
rCold  . . .     Gourm    +     Q - +0 plate armour
rNeg   . . .     Faith    .     (shield currently unavailable)
rPois  .         Spirit   .     (helmet restricted)
rElec  .         Dismiss  .     e - +0 cloak
rCorr  .         Reflect  .     (no gloves)
SustAt .         Harm     .     Z - +0 pair of boots
MR     .....                    M - amulet of the gourmand
Stlth  ..........               L - +4 ring of evasion
                                F - +5 ring of dexterity

@: not resistant to hostile enchantments, extremely unstealthy
A: retaliatory headbutt, horns 2
a: Heroism, Finesse, Renounce Religion


You were on level 10 of the Dungeon.
You worshipped Okawaru.
Okawaru was extremely pleased with you.
You were full.

You visited 2 branches of the dungeon, and saw 11 of its levels.

You collected 395 gold pieces.
You spent 319 gold pieces at shops.

Inventory:

Hand Weapons
 a - a +0 war axe
 b - a +0 battleaxe
 E - a +4 dire flail
 U - a +3 battleaxe of freezing (weapon)
 V - a +2 morningstar of freezing
Armour
 c - a +0 shield
 e - a +0 cloak (worn)
 v - a +2 buckler
 Q - a +0 plate armour (worn)
 Z - a +0 pair of boots (worn)
Jewellery
 F - a +5 ring of dexterity (left hand)
 L - a +4 ring of evasion (right hand)
 M - an amulet of the gourmand (around neck)
Wands
 A - a wand of polymorph (14/24)
 G - a wand of flame (25/48)
 H - a wand of iceblast (11/15)
 Y - a wand of flame (19/48)
Scrolls
 h - 2 scrolls of immolation {unknown}
 i - a scroll of random uselessness {unknown}
 j - 5 scrolls of teleportation
 k - 4 scrolls of identify
 m - 3 scrolls of magic mapping {unknown}
 o - 4 scrolls of recharging {unknown}
 q - 2 scrolls of enchant armour {unknown}
 x - 2 scrolls of enchant weapon {unknown}
 y - 3 scrolls of remove curse
 D - 3 scrolls of blinking
 K - a scroll of acquirement {unknown}
 P - 2 scrolls of fog
 S - a scroll of fear
 W - a scroll of noise {unknown}
 X - a scroll of amnesia {unknown}
Potions
 d - 2 potions of might
 g - 3 potions of flight {unknown}
 l - 3 potions of mutation {unknown}
 p - 2 potions of heal wounds {unknown}
 s - 2 potions of curing
 t - 2 potions of degeneration {unknown}
 u - 2 potions of invisibility {unknown}
 z - 2 potions of haste {unknown}
 J - a potion of lignification {unknown}
 N - 2 potions of brilliance {unknown}
 O - a potion of agility
 T - a potion of magic {unknown}
Books
 R - a book of Conjurations

   Spells                             Type                      Level
   a - Magic Dart                     Conjuration                  1
   b - Searing Ray                    Conjuration                  2
   c - Dazzling Spray                 Conjuration/Hexes            3
   d - Fulminant Prism                Conjuration/Hexes            4
   e - Iskenderun's Mystic Blast      Conjuration                  4
   f - Iskenderun's Battlesphere      Conjuration/Charms           5
Comestibles
 f - 3 bread rations
 n - 2 meat rations
 r - 2 fruits
 B - a beef jerky
 C - 9 royal jellies


   Skills:
 - Level 7.1 Fighting
 - Level 16.0 Axes
 + Level 8.2 Armour
 - Level 3.6 Shields
 + Level 3.9 Invocations


You had 9 spell levels left.
You didn't know any spells.

Dungeon Overview and Level Annotations

Branches:
Dungeon (10/15)            Temple (1/1) D:5            Lair (0/8) D:8
    Orc: D:9-12

Altars:
Ashenzari
Cheibriados
Dithmenos
Elyvilon
Fedhas
Gozag
Kikubaaqudgha
Makhleb
Nemelex Xobeh
Okawaru
Pakellas
Qazlal
Ru
Sif Muna
Trog
Vehumet
Xom
Yredelemnul
Zin
The Shining One

Shops:
D:2 }   D:4 *[}}*   D:6 %   D:8 ?

Annotations:
D:9 exclusion: ice statue


Innate Abilities, Weirdness & Mutations

You reflexively headbutt those who attack you in melee.
You have a pair of horns on your head.


Message History

You hit the skeletal warrior but do no damage.
The skeletal warrior is lightly damaged.
The skeletal warrior closely misses you.
You furiously retaliate!
You headbutt the skeletal warrior, but do no damage.
You closely miss the skeletal warrior.
You headbutt the skeletal warrior, but do no damage.
The skeletal warrior is lightly damaged.
You barely miss the skeletal warrior.
The skeletal warrior is lightly damaged.
The skeletal warrior hits you with a long sword of slicing!
* * * LOW HITPOINT WARNING * * *
x2 You hit the skeletal warrior.
You freeze the skeletal warrior.
The skeletal warrior is moderately damaged.
The skeletal warrior hits you but does no damage.
You hit the skeletal warrior. You freeze the skeletal warrior.
You headbutt the skeletal warrior, but do no damage.
The skeletal warrior is moderately damaged.
The skeletal warrior hits you with a long sword of slicing!
You die...

... #.# #.# #.# #.#
#.# #.#
#.########.#########
.......†@zz.........
###.########.#######
#.# #.# #.# #.# #.#
...


You could see 2 skeletal warriors.

Vanquished Creatures
  The ghost of PeterLawrence the Basher, a novice MiFi (D:8)
  3 skeletal warriors (D:10)
  A komodo dragon (D:8)
  A queen bee (D:8)
  A two-headed ogre (D:6)
  Sigmund (D:2)
  A hippogriff (D:7)
  Menkaure (D:6)
  A water moccasin (D:9)
  An eye of draining (D:9)
  2 black bears (D:8)
  3 sky beasts
  3 ogres
  A phantom (D:6)
  A centaur (D:6)
  5 giant frogs
  23 killer bees (D:8)
  3 jellies
  9 wights
  2 crimson imps (D:9)
  3 howler monkeys (D:8)
  4 hounds
  A quasit (D:8)
  A centaur zombie (D:7)
  3 orc priests
  3 centaur skeletons
  A gnoll shaman (D:8)
  Jessica (D:2)
  An iguana (D:6)
  9 worker ants
  An orc wizard (D:6)
  A killer bee zombie (D:9)
  2 hound skeletons
  3 worker ant zombies
  A howler monkey skeleton (D:8)
  13 gnolls
  12 adders
  4 shadow imps
  A worm (D:2)
  A dart slug (D:2)
  4 giant geckos
  27 orcs
  4 bats
  2 giant cockroaches (D:3)
  9 goblins
  9 hobgoblins
  11 jackals
  6 kobolds
  2 quokkas
  10 giant newts
  A quokka skeleton (D:5)
  3 rats
218 creatures vanquished.

Vanquished Creatures (others)
  17 plants (D:8)
17 creatures vanquished.

Grand Total: 235 creatures vanquished

Notes
Turn   | Place    | Note
--------------------------------------------------------------
     0 | D:1      | striepan the Minotaur Fighter began the quest for the Orb.
     0 | D:1      | Reached XP level 1. HP: 19/19 MP: 0/0
   173 | D:1      | Reached skill level 3 in Axes
   205 | D:1      | Reached XP level 2. HP: 26/26 MP: 1/1
   957 | D:2      | Reached skill level 4 in Axes
   957 | D:2      | Reached XP level 3. HP: 19/31 MP: 2/2
  1123 | D:2      | Noticed Sigmund
  1326 | D:2      | Noticed Jessica
  1335 | D:2      | Killed Jessica
  1335 | D:2      | Reached skill level 5 in Axes
  1420 | D:3      | Reached XP level 4. HP: 39/39 MP: 3/3
  1800 | D:3      | Reached skill level 6 in Axes
  1839 | D:3      | Reached XP level 5. HP: 26/45 MP: 4/4
  2381 | D:4      | Found Revyubb's Assorted Antiques.
  2386 | D:4      | Reached skill level 7 in Axes
  2401 | D:4      | Found Waimafamm's Gadget Boutique.
  2567 | D:4      | Reached XP level 6. HP: 51/51 MP: 5/5
  2694 | D:4      | Found Myuroif's Gadget Shop.
  2710 | D:4      | Reached skill level 8 in Axes
  2822 | D:4      | Reached skill level 9 in Axes
  2891 | D:4      | Found Qune's Armour Shoppe.
  2927 | D:4      | Found Nes Yckyi's General Store.
  2935 | D:4      | Bought a potion of curing for 39 gold pieces
  3065 | D:5      | Entered Level 5 of the Dungeon
  3096 | D:5      | Found a staircase to the Ecumenical Temple.
  3106 | Temple   | Entered the Ecumenical Temple
  3256 | Temple   | Became a worshipper of Warmaster Okawaru
  3352 | D:5      | Reached XP level 7. HP: 52/57 MP: 6/6
  3634 | D:5      | Found an opulent altar of Gozag.
  4070 | D:6      | Found a sacrificial altar of Ru.
  4073 | D:6      | Found a shadowy altar of Dithmenos.
  4156 | D:6      | Reached * piety under Okawaru
  4156 | D:6      | Reached skill level 10 in Axes
  4404 | D:6      | Found Niron's Food Emporium.
  4443 | D:6      | Reached skill level 1 in Invocations
  4529 | D:6      | HP: 1/57 [iguana (2)]
  4532 | D:6      | Reached XP level 8. HP: 3/64 MP: 8/8
  4867 | D:6      | Reached skill level 11 in Axes
  5276 | D:6      | Found a radiant altar of Vehumet.
  5534 | D:6      | Noticed Menkaure
  5545 | D:6      | Killed Menkaure
  5545 | D:6      | Reached ** piety under Okawaru
  5545 | D:6      | Reached skill level 12 in Axes
  5730 | D:6      | Noticed a two-headed ogre
  5736 | D:6      | Killed a two-headed ogre
  6155 | D:2      | Found a glowing golden altar of the Shining One.
  6391 | D:2      | Found an oddly glowing altar of Pakellas.
  6391 | D:2      | Found Pakellas's Prime Provisions.
  6419 | D:2      | Found an oddly glowing altar of Pakellas.
  6419 | D:2      | Found Pakellas's Prime Provisions.
  6556 | D:2      | Found a glowing golden altar of the Shining One.
  6736 | D:2      | Killed Sigmund
  6736 | D:2      | Reached skill level 13 in Axes
  7020 | D:7      | Reached XP level 9. HP: 67/70 MP: 10/10
  7278 | D:7      | Found a sparkling altar of Nemelex Xobeh.
  7646 | D:8      | Found Qozuptan's Magic Scroll Shoppe.
  7654 | D:8      | Bought 2 scrolls of blinking for 165 gold pieces
  7654 | D:8      | Bought a scroll of remove curse for 33 gold pieces
  7654 | D:8      | Bought a scroll of fear for 38 gold pieces
  7654 | D:8      | Bought a scroll of fog for 22 gold pieces
  7654 | D:8      | Bought a scroll of identify for 22 gold pieces
  7784 | D:8      | Reached skill level 14 in Axes
  7870 | D:8      | Found a glowing silver altar of Zin.
  7915 | D:8      | Reached *** piety under Okawaru
  7921 | D:8      | Noticed a queen bee
  7949 | D:8      | Noticed PeterLawrence's ghost (novice MiFi)
  7950 | D:8      | Killed a queen bee
  7961 | D:8      | Reached skill level 15 in Axes
  8650 | D:8      | Reached XP level 10. HP: 63/78 MP: 11/11
  8698 | D:8      | Reached skill level 16 in Axes
  8988 | D:8      | Reached **** piety under Okawaru
  9287 | D:8      | Killed PeterLawrence's ghost
  9287 | D:8      | Reached skill level 5 in Fighting
  9335 | D:8      | Found a staircase to the Lair.
  9518 | D:8      | Found Qozuptan's Magic Scroll Shoppe.
  9770 | D:8      | Found a glowing silver altar of Zin.
 10024 | D:9      | Found a shattered altar of Ashenzari.
 10217 | D:9      | Noticed an ice statue
 10261 | D:9      | Found a snail-covered altar of Cheibriados.
 10613 | D:10     | Entered Level 10 of the Dungeon
 10613 | D:10     | Noticed a manticore
 10643 | D:10     | Noticed a skeletal warrior
 10643 | D:10     | Noticed a skeletal warrior
 10655 | D:10     | Killed a skeletal warrior
 10660 | D:10     | Killed a skeletal warrior
 10829 | D:10     | Noticed a skeletal warrior
 10830 | D:10     | Noticed a skeletal warrior
 10831 | D:10     | Noticed a skeletal warrior
 10853 | D:10     | Killed a skeletal warrior
 10853 | D:10     | Reached ***** piety under Okawaru
 10860 | D:10     | Slain by a skeletal warrior

Skill      XL: |  1  2  3  4  5  6  7  8  9 10 |
---------------+-------------------------------+-----
Axes           | 3 4 5 6 7 9 10 13 15 16 | 16.0
Invocations    | 2 3 |  3.9
Fighting       | 4 7 |  7.1
Armour         | 4 8 |  8.2
Shields        | |  3.6

Action                   |  1- 3 |  4- 6 |  7- 9 | 10-12 || total
-------------------------+-------+-------+-------+-------++-------
Melee: War axe           |    89 |   116 |   384 |       ||   589
       Headbutt          |    12 |    16 |    75 |    35 ||   138
       Battleaxe         |       |       |    21 |   119 ||   140
Invok: Heroism           |       |       |     5 |     1 ||     6
  Use: Potion            |       |       |     3 |       ||     3
       Scroll            |       |       |     3 |     2 ||     5
  Eat: Chunk             |     2 |     5 |    18 |     9 ||    34
       Pizza             |       |       |     1 |       ||     1
       Beef jerky        |       |       |       |     1 ||     1
Armor: Scale mail        |    37 |    32 |       |       ||    69
       Chain mail        |       |     7 |    67 |       ||    74
       Skin              |       |       |    13 |       ||    13
       Plate armour      |       |       |    43 |    44 ||    87
Dodge: Dodged            |    35 |    28 |   148 |    41 ||   252
Block: Shield            |    40 |    48 |       |       ||    88
       Buckler           |       |     8 |    90 |       ||    98
